 Dungeon Crawl Stone Soup version 0.19.0-19-g8c6edcc (webtiles) character file.

9202 williamiamiam the Spear-Bearer (level 11, -1/90 HPs)
             Began as a Merfolk Berserker on Nov 13, 2016.
             Was an Elder of Trog.
             Slain by an unseen horror (4 damage)
             ... on level 10 of the Dungeon.
             The game lasted 00:36:51 (8787 turns).

williamiamiam the Spear-Bearer (Merfolk Berserker)  Turns: 8787, Time: 00:36:52

Health: -1/90      AC: 10    Str: 20    XL:     11   Next: 42%
Magic:  11/11      EV: 16    Int:  9    God:    Trog [****..]
Gold:   456        SH:  0    Dex: 14    Spells: 0 memorised, 10 levels left

rFire  . . .     SeeInvis .     z - +1 halberd
rCold  . . .     Gourm    .     l - +0 scale mail
rNeg   + . .     Faith    .     (shield currently unavailable)
rPois  .         Spirit   .     (no helmet)
rElec  .         Reflect  .     (no cloak)
rCorr  .         Harm     .     a - +0 pair of gloves
MR     ++...                    h - +0 pair of boots
Stlth  ..........               (no amulet)
                                y - +2 ring of intelligence
                                B - ring of positive energy

@: regenerating
A: change form in water, swift swim, stealthy swim
a: Berserk, Trog's Hand, Brothers in Arms, Burn Spellbooks, Renounce Religion


You were on level 10 of the Dungeon.
You worshipped Trog.
Trog was greatly pleased with you.
You were hungry.

You visited 1 branch of the dungeon, and saw 10 of its levels.

You collected 618 gold pieces.
You spent 162 gold pieces at shops.

Inventory:

Hand Weapons
 w - a cursed +2 morningstar of freezing
 z - a +1 halberd (weapon)
Armour
 a - a +0 pair of gloves (worn)
 d - a +1 pair of gloves
 h - a +0 pair of boots (worn)
 l - a +0 scale mail (worn)
Jewellery
 n - an uncursed ring of flight
 s - an uncursed ring of fire
 y - a +2 ring of intelligence (right hand)
 B - a ring of positive energy (left hand)
 J - an uncursed ring of resist corrosion {unknown}
Wands
 k - a wand of random effects (43/48)
 v - a wand of iceblast (5/15)
 x - a wand of iceblast (8/15)
 E - a wand of iceblast (10/15)
 I - a wand of digging (14/24)
Scrolls
 f - a scroll of blinking
 m - a scroll of enchant armour
 o - 3 scrolls of remove curse
 r - 2 scrolls of noise
 u - 4 scrolls of identify
 C - a scroll of magic mapping
 L - 2 scrolls of recharging {unknown}
 M - a scroll of teleportation
 O - 2 scrolls of fear {unknown}
Potions
 b - 2 potions of cancellation
 e - 4 potions of curing
 p - 2 potions of brilliance
 t - a potion of degeneration
 A - 3 potions of agility
 D - 4 potions of flight
 F - 2 potions of heal wounds
 G - a potion of ambrosia
 K - a potion of mutation {unknown}
Books
 H - a book of Frost

   Spells                             Type                      Level
   a - Freeze                         Ice                          1
   b - Throw Frost                    Conjuration/Ice              2
   c - Ozocubu's Armour               Charms/Ice                   3
   d - Throw Icicle                   Conjuration/Ice              4
   e - Summon Ice Beast               Ice/Summoning                4
   Trog disapproves of the use of such an item.
 N - a book of Changes

   Spells                             Type                      Level
   a - Beastly Appendage              Transmutation                1
   b - Sticks to Snakes               Transmutation                2
   c - Spider Form                    Transmutation/Poison         3
   d - Ice Form                       Ice/Transmutation            4
   e - Blade Hands                    Transmutation                5
   Trog disapproves of the use of such an item.
Miscellaneous
 P - a sack of spiders
Comestibles
 c - 9 bread rations
 g - 4 meat rations
 i - 11 fruits
 j - 6 beef jerkies


   Skills:
 + Level 10.0 Fighting
 + Level 13.6 Polearms
 + Level 6.7 Armour
 + Level 11.2 Dodging
 - Level 1.0 Stealth


You had 10 spell levels left.
You didn't know any spells.

Dungeon Overview and Level Annotations

Branches:
Dungeon (10/15)            Temple (0/1) D:4            Lair (0/6) D:10
    Orc (0/2) D:10

Altars:
Elyvilon
Fedhas
Gozag
Makhleb
Okawaru
Ru
Trog
Uskayaw
Zin

Shops:
D:4 (   D:8 *   D:9 =


Message History

You slice something!! Something barely misses you.
Something completely misses you. Something hits you.
* * * LOW HITPOINT WARNING * * *
You hit something but do no damage. Something barely misses you.
You closely miss something. Something hits you but does no damage.
Something hits you.
* * * LOW HITPOINT WARNING * * *
Something hits you.
* * * LOW HITPOINT WARNING * * *
You puncture something! Something hits you.
* * * LOW HITPOINT WARNING * * *
Your skin crawls.
You feel resistant to hostile enchantments.
You are feeling hungry.
Something hits you.
* * * LOW HITPOINT WARNING * * *
Something hits you.
* * * LOW HITPOINT WARNING * * *
Something hits you.
You die...

### #.# #.#
#.# # #.#
#####.#####.#
.......(..@.#
......#####)#
..... #(#
....
#(####### ...
.. #)......#
.o ..#
#(####### .
..# #.# #.#
#.# #.# #.#


There were no monsters in sight!

Vanquished Creatures
  An unseen horror (D:10)
  A hill giant (D:10)
  Pikel (D:8)
  A hornet (D:8)
  2 hippogriffs
  5 yaks (D:9)
  2 wyverns
  2 humans (D:7)
  A steam dragon (D:10)
  2 hungry ghosts (D:9)
  2 wargs (D:10)
  4 vampire mosquitoes (D:10)
  A black bear (D:7)
  5 orc warriors
  A sky beast (D:9)
  A necrophage (D:6)
  3 phantoms
  4 ogres
  5 centaurs
  5 bullfrogs
  A big kobold (D:9)
  A water moccasin skeleton (D:7)
  3 scorpions
  11 killer bees (D:7)
  8 wights
  5 crimson imps
  6 hounds
  2 jellies
  2 centaur zombies
  7 orc wizards
  5 orc priests
  2 centaur skeletons
  Jessica (D:3)
  An iguana (D:8)
  A hell rat (D:7)
  3 worker ants
  A hound zombie (D:5)
  A hound skeleton (D:7)
  A howler monkey skeleton (D:4)
  2 worker ant zombies
  4 gnolls (D:3)
  11 adders
  6 river rats (D:7)
  A shadow imp (D:8)
  3 oozes
  An adder zombie (D:9)
  3 adder skeletons
  2 worms (D:3)
  2 dart slugs (D:1)
  6 leopard geckos
  22 orcs
  9 bats
  8 giant cockroaches
  6 goblins
  8 hobgoblins
  14 jackals
  9 kobolds
  2 quokkas
  7 frilled lizards
  A jackal zombie (D:5)
  2 quokka skeletons (D:4)
  A quokka zombie (D:9)
  27 rats
268 creatures vanquished.

Vanquished Creatures (others)
  3 slaves (D:8)
  A bullfrog (D:8)
  A wight (D:8)
5 creatures vanquished.

Grand Total: 273 creatures vanquished

Notes
Turn   | Place    | Note
-------+----------+-------------------------------------------
     0 | D:1      | williamiamiam the Merfolk Berserker began the quest for the Orb.
     0 | D:1      | Reached XP level 1. HP: 18/18 MP: 1/1
    15 | D:1      | Reached XP level 2. HP: 23/24 MP: 2/2
    32 | D:1      | Reached skill level 5 in Polearms
   250 | D:1      | Reached XP level 3. HP: 29/29 MP: 3/3
   535 | D:1      | Reached ** piety under Trog
   960 | D:1      | Reached XP level 4. HP: 35/37 MP: 4/4
  1043 | D:2      | Reached skill level 6 in Polearms
  1674 | D:3      | Reached XP level 5. HP: 42/42 MP: 5/5
  1732 | D:3      | Noticed Jessica
  1842 | D:3      | Killed Jessica
  1968 | D:3      | Reached skill level 7 in Polearms
  2025 | D:3      | Reached *** piety under Trog
  2052 | D:3      | Found a white marble altar of Elyvilon.
  2405 | D:4      | Reached XP level 6. HP: 48/48 MP: 6/6
  2457 | D:4      | Found a staircase to the Ecumenical Temple.
  2867 | D:4      | Noticed a phantom
  2891 | D:4      | Killed a phantom
  2891 | D:4      | Reached skill level 8 in Polearms
  3073 | D:4      | Found a hide-covered altar of Uskayaw.
  3079 | D:4      | Reached XP level 7. HP: 52/55 MP: 7/7
  3148 | D:4      | Found Meexzyrgh's Antique Weapon Boutique.
  3449 | D:5      | Entered Level 5 of the Dungeon
  3486 | D:5      | Reached skill level 9 in Polearms
  3567 | D:5      | Reached skill level 5 in Fighting
  4018 | D:6      | Reached skill level 1 in Stealth
  4172 | D:6      | Reached XP level 8. HP: 50/63 MP: 8/8
  4462 | D:6      | Reached skill level 5 in Dodging
  4671 | D:6      | Found a glowing silver altar of Zin.
  4672 | D:6      | Found a burning altar of Makhleb.
  4673 | D:6      | Noticed a cacodemon
  4673 | D:6      | Noticed an angel
  4770 | D:7      | HP: 1/64 [orc warrior/enchanted dire flail (12)]
  5351 | D:7      | Found an opulent altar of Gozag.
  5393 | D:7      | Reached skill level 10 in Polearms
  5481 | D:7      | Found a sacrificial altar of Ru.
  5481 | D:7      | Noticed a hippogriff
  5496 | D:7      | Killed a hippogriff
  5542 | D:7      | Found an iron altar of Okawaru.
  5566 | D:7      | Reached XP level 9. HP: 71/71 MP: 9/9
  5607 | D:7      | Found a blossoming altar of Fedhas.
  5607 | D:7      | Found a bloodstained altar of Trog.
  5806 | D:7      | Reached skill level 11 in Polearms
  6343 | D:7      | Reached **** piety under Trog
  6851 | D:8      | Reached skill level 5 in Armour
  6932 | D:8      | Noticed a hornet
  6941 | D:8      | Paralysed by a hornet for 2 turns
  6947 | D:8      | Killed a hornet
  6947 | D:8      | Reached XP level 10. HP: 42/80 MP: 10/10
  7115 | D:8      | Found Laem's General Store.
  7119 | D:8      | Bought a potion of heal wounds for 65 gold pieces
  7119 | D:8      | Bought a scroll of blinking for 97 gold pieces
  7163 | D:8      | Noticed Pikel
  7180 | D:8      | Killed Pikel
  7180 | D:8      | Reached skill level 12 in Polearms
  7718 | D:9      | Found Fisud's Jewellery Shop.
  7797 | D:9      | Reached skill level 10 in Dodging
  8198 | D:10     | Entered Level 10 of the Dungeon
  8268 | D:10     | Reached skill level 13 in Polearms
  8268 | D:10     | Reached XP level 11. HP: 89/89 MP: 11/11
  8371 | D:10     | Found a staircase to the Orcish Mines.
  8402 | D:10     | Killed an unseen horror
  8702 | D:10     | Found a staircase to the Lair.
  8724 | D:10     | Noticed a hill giant
  8741 | D:10     | Killed a hill giant
  8741 | D:10     | Received a gift from Trog
  8772 | D:10     | Reached skill level 10 in Fighting
  8787 | D:10     | HP: 3/90 [something (3)]
  8787 | D:10     | Slain by an unseen horror

Skill      XL: |  1  2  3  4  5  6  7  8  9 10 11 |
---------------+----------------------------------+-----
Polearms       | 5 6 7 8 9 10 11 13 | 13.6
Dodging        | 3 4 6 8 10 11 | 11.2
Fighting       | 4 5 6 8 9 10 | 10.0
Armour         | 2 3 4 5 6 |  6.7
Stealth        | 1 |  1.0

Action                   |  1- 3 |  4- 6 |  7- 9 | 10-12 || total
-------------------------+-------+-------+-------+-------++-------
Melee: Spear             |   126 |   171 |       |       ||   297
       Tailslap          |     4 |       |       |       ||     4
       Halberd           |       |    73 |   380 |   336 ||   789
Invok: Berserk           |     3 |     4 |    11 |    10 ||    28
       Trog's Hand       |       |     4 |    13 |    13 ||    30
  Use: Scroll            |       |       |    18 |       ||    18
  Eat: Chunk             |     3 |    10 |    14 |    21 ||    48
       Royal jelly       |       |     1 |       |       ||     1
       Beef jerky        |       |       |     1 |       ||     1
       Meat ration       |       |       |     2 |       ||     2
       Fruit             |       |       |     1 |       ||     1
       Pizza             |       |       |       |     1 ||     1
Armor: Animal skin       |    18 |       |       |       ||    18
       Scale mail        |    14 |    82 |   114 |    88 ||   298
Dodge: Dodged            |    86 |   119 |   269 |   205 ||   679
